 Dungeon Crawl Stone Soup version 0.29-a0-1042-g87b1fcd763 (webtiles) character file.

Game seed: 16128310311716127687

121 polve the Chopper (level 4, 0/35 HPs)
             Began as a Demonspawn Abyssal Knight on Aug 15, 2022.
             Was a Believer of Lugonu.
             Slain by a shadow imp (3 damage)
             ... summoned by Natasha
             ... on level 3 of the Dungeon.
             The game lasted 00:01:59 (2837 turns).

polve the Chopper (Demonspawn Abyssal Knight)       Turns: 2837, Time: 00:01:59

Health: 0/35       AC: 11    Str: 16    XL:     4   Next: 76%
Magic:  14/14      EV: 10    Int: 11    God:    Lugonu [**....]
Gold:   147        SH:  0    Dex: 10    Spells: 3/3 levels left

rFire   . . .      SeeInvis .   a - +1 hand axe
rCold   + + .      Faith    .   (no shield)
rNeg    . . .      Spirit   .   l - +3 ring mail "Totij" {rElec rC++ Dex-3 Slay+2}
rPois   .          Reflect  .   o - +2 helmet
rElec   +          Harm     .   (no cloak)
rCorr   .          Rampage  .   (no gloves)
Will    .....                   (no boots)
Stlth   ..........              (no amulet)
HPRegen 0.11/turn               j - ring of magical power
MPRegen 0.14/turn               (no ring)

@: slowed, very slow
A: hooves 1
a: Renounce Religion, Depart the Abyss, Bend Space


You were on level 3 of the Dungeon.
You worshipped Lugonu.
Lugonu was pleased with you.
You visited 1 branch of the dungeon, and saw 3 of its levels.
You visited the Abyss 1 time.

You collected 147 gold pieces.

Inventory:

Hand Weapons
 a - a +1 hand axe (weapon)
Armour
 l - the +3 ring mail "Totij" (worn) {rElec rC++ Dex-3 Slay+2}
   (You found it on level 2 of the Dungeon)

   Dex:       It affects your dexterity (-3).
   Slay:      It affects your accuracy & damage with ranged weapons and melee
   (+2).
   rC:        It greatly protects you from cold.
   rElec:     It insulates you from electricity.
 o - a +2 helmet (worn)
Jewellery
 j - a ring of magical power (left hand)
Scrolls
 c - a scroll of magic mapping {unknown}
 d - a scroll of vulnerability {unknown}
 f - 5 scrolls of identify {unknown}
 g - a scroll of torment {unknown}
Potions
 b - a potion of might {unknown}
 e - a potion of brilliance {unknown}
 h - 3 potions of flight {unknown}
 i - a potion of lignification {unknown}
 k - 2 potions of heal wounds
 m - 2 potions of resistance {unknown}
 n - a potion of mutation {unknown}
 p - a potion of attraction {unknown}
 q - a potion of curing {unknown}


   Skills:
 - Level 3.0 Fighting
 + Level 4.6 Axes
 - Level 1.7 Armour
 - Level 0.8 Dodging
 - Level 2.4 Invocations


You had 3 spell levels left.
You didn't know any spells.
Your spell library contained the following spells:

 Spells                   Type           Power      Damage    Failure   Level
 Apportation              Tloc           0%         N/A       54%         1
 Malign Gateway           Summ/Tloc      0%         N/A       100%        7
 Summon Horrible Things   Summ           0%         N/A       100%        8


Dungeon Overview and Level Annotations

Branches:
Dungeon (3/15)

Altars:
Trog

Shops:
D:2 (?(=

Annotations:
D:3 Natasha


Innate Abilities, Weirdness & Mutations

You have large cloven feet.


Message History

The magic dart hits you!
You slash Natasha!
Natasha is severely wounded.
Natasha stares at you and mumbles some strange words.
The magic dart hits you. Natasha casts a spell at you.
You resist with some effort.
You closely miss Natasha. Your kick misses Natasha.
Natasha is severely wounded.
Natasha drinks a potion.
Natasha is healed!
You hit Natasha. Your kick misses Natasha. Your punch misses Natasha.
Natasha is moderately wounded.
Natasha claws you.
Natasha mumbles some strange words.
Natasha glows brightly for a moment.
Natasha barely misses you.
You hit Natasha. You kick Natasha, but do no damage.
Natasha is heavily wounded.
Natasha stares at you and mumbles some strange words.
You feel as though you will be slow longer.
Natasha casts a spell.
You miss Natasha. Your kick misses Natasha.
Natasha is heavily wounded.
Natasha claws you.
You hit Natasha.
Natasha is severely wounded.
Natasha claws you but does no damage. Natasha claws you.
* * * LOW HITPOINT WARNING * * *
The shadow imp closely misses you.
You hit Natasha. You kick Natasha.
Natasha is almost dead.
You hit the shadow imp. Natasha casts a spell at you. The magic dart hits you!
* * * LOW HITPOINT WARNING * * *
The shadow imp closely misses you.
You barely miss Natasha. You kick Natasha, but do no damage.
Natasha is almost dead.
You hit the shadow imp. The shadow imp hits you.
You die...

#........# ##........# #
#.........# .##.........#
............ ###........#
####+## #.....5....#
#.....# #..@h....# #.....#
#.#+###### #.....# .#
#.#.##### ##..... ..#
#.......#+#####.....
...####+#'##........#.....
...........#........#.....
#.........#........#.....
#.........#........#.....
#....)....####+###.###...


You could see Natasha and a shadow imp (summoned).

Vanquished Creatures
  Jessica (D:2)
  3 adders
  3 dart slugs
  2 worms (D:2)
  8 endoplasms
  2 giant cockroaches (D:2)
  3 goblins
  7 hobgoblins
  2 jackals (D:1)
  3 quokkas
  2 ball pythons (D:1)
  6 bats
  2 frilled lizards
  4 kobolds
  6 rats
54 creatures vanquished.

Notes
Turn   | Place    | Note
-------+----------+-------------------------------------------
     0 | Abyss:1  | polve the Demonspawn Abyssal Knight began the quest for the
                  | Orb.
     0 | Abyss:1  | Reached XP level 1. HP: 18/18 MP: 2/2
    47 | Abyss:1  | Found a corrupted altar of Lugonu.
   105 | D:1      | Escaped the Abyss
   158 | D:1      | Reached skill level 2 in Axes
   160 | D:1      | Reached ** piety under Lugonu
   348 | D:1      | Gained mutation: You have large cloven feet. [demonic
                  | ancestry]
   348 | D:1      | Reached XP level 2. HP: 24/24 MP: 3/3
   646 | D:1      | Reached skill level 3 in Axes
   913 | D:1      | You fall into a shaft and drop 1 floor!
   916 | D:2      | Identified the +3 ring mail "Totij" {rElec rC++ Dex-3
                  | Slay+2}
  1236 | D:2      | Found Dootep's Jewellery Shoppe.
  1263 | D:2      | Reached XP level 3. HP: 29/29 MP: 4/4
  1265 | D:2      | Found Poibi's Magic Scroll Emporium.
  1497 | D:2      | Noticed Jessica
  1505 | D:2      | Killed Jessica
  1506 | D:2      | Reached skill level 4 in Axes
  1506 | D:2      | Reached XP level 4. HP: 31/35 MP: 5/5
  1552 | D:2      | Got Jessica's Compilation of Displacement
  1566 | D:2      | Found Istum's Antique Weapon Shop.
  1993 | D:2      | Found Ceur Cit's Weapon Boutique.
  2397 | D:3      | Found a bloodstained altar of Trog.
  2824 | D:3      | Noticed Natasha
  2837 | D:3      | Slain by a shadow imp

Illustrated notes

Levels and vault maps discovered:
D:1:      eino_arrival_water_cross, layout_loops_ring, minmay_tromino_v2
D:2:      layout_loops_ring, serial_shops, nicolae_shop_stone,
          nicolae_shop_waterfront, nicolae_shop_behind_doors,
          nicolae_shop_waterfront, kennysheep_jessica_study
D:3:      layout_basic, lemuel_crystal_altar, mainiacjoe_overflow_boulevard,
          mainiacjoe_overflow_six_doors_small,
          hellmonk_ecumenical_altar_inner_sanctum, uniq_natasha

Skill      XL: |  1  2  3 |
---------------+----------+-----
Axes           | 2 3 4 |  4.6
Fighting       | |  3.0
Armour         | |  1.7
Dodging        | |  0.8
Invocations    | |  2.4

Action                   |  1- 3 |  4- 6 || total
-------------------------+-------+-------++-------
Melee: Hand axe          |    67 |    56 ||   123
       Kick              |    15 |     8 ||    23
Invok: Depart the Abyss  |     1 |       ||     1
Armor: Leather armour    |    15 |       ||    15
       Ring mail         |     6 |    24 ||    30
Dodge: Dodged            |    46 |    22 ||    68

Table legend: (Time is in decaauts)
 A = Elapsed time spent in this place.
 B = Non-inter-level travel time spent in this place.
 C = Inter-level travel time spent in this place.
 D = Time resting spent in this place.
 E = Time spent auto-exploring this place.
 F = Levels seen in this place.
 G = Mean time per level.
                   A        B        C        D        E       F      G
               +--------+--------+--------+--------+--------+-----+--------+
         Total |   2858 |   2833 |     25 |      0 |   2430 |   4 |  714.5 |
       Dungeon |   2753 |   2728 |     25 |      0 |   2327 |   3 |  917.7 |
         Abyss |    105 |    105 |      0 |      0 |    103 |   1 |  105.0 |
               +--------+--------+--------+--------+--------+-----+--------+

Top non-repeatable levels by time:
     D:1: 1130 daAuts
     D:2: 1070 daAuts
     D:3: 552 daAuts
 Abyss:1: 105 daAuts
